 Dungeon Crawl Stone Soup version 0.21-a0-72-gbbb65ab (webtiles) character file.

22 HAL9000 the Sneak (level 2, -9/15 HPs)
             Began as a Vine Stalker Assassin on June 20, 2017.
             Mangled by an ogre
             ... wielding a +0 giant spiked club
              (24 damage)
             ... on level 1 of the Dungeon.
             The game lasted 00:01:16 (859 turns).

HAL9000 the Sneak (Vine Stalker Assassin)            Turns: 859, Time: 00:01:18

Health: -9/15      AC:  3    Str: 13    XL:     2   Next: 91%
Magic:  0/3        EV: 11    Int: 11    God:
Gold:   19         SH:  0    Dex: 15    Spells: 1/1 levels left

rFire    . . .     SeeInvis .   a - +2 dagger
rCold    . . .     Gourm    .   (no shield)
rNeg     . . .     Faith    .   c - +0 robe
rPois    .         Spirit   +   (no helmet)
rElec    .         Reflect  .   d - +0 cloak
rCorr    .         Harm     .   (no gloves)
MR       .....                  (no boots)
Stlth    +++.......             (no amulet)
HPRegen  0.05/turn              (no ring)
MPRegen  0.08/turn              (no ring)

@: no status effects
A: fangs 2, magic shield, antimagic bite, no potion heal 3, rot immunity
a: no special abilities


You were on level 1 of the Dungeon.
You were not hungry.

You visited 1 branch of the dungeon, and saw 1 of its levels.

You collected 19 gold pieces.

Inventory:

Hand Weapons
 a - a +2 dagger (weapon)
 b - a +0 blowgun
Missiles
 e - 6 poisoned needles
Armour
 c - a +0 robe (worn)
 d - a +0 cloak (worn)
Scrolls
 h - a scroll of immolation {unknown}
 k - a scroll of fear {unknown}
Potions
 i - a potion of curing {unknown}
Comestibles
 g - a bread ration
 j - a meat ration


   Skills:
 - Level 1.7 Fighting
 + Level 3.0 Short Blades
 - Level 1.7 Throwing
 - Level 0.7 Dodging
 - Level 4.8 Stealth


You had one spell level left.
You didn't know any spells.

Dungeon Overview and Level Annotations

Branches:
Dungeon (1/15)

Altars:


Innate Abilities, Weirdness & Mutations

You have extremely sharp teeth.
When hurt, damage is shared between your health and your magic reserves.
Your bite disrupts and absorbs the magic of your enemies.
Potions cannot restore your health.
You are immune to rotting.


Message History

You shoot a poisoned needle. The poisoned needle hits the ogre.
The ogre is poisoned.
There is an open door here.
Firing (i - inventory):
e - 7 poisoned needles (quivered)
Press: ? - help, Shift-Dir - straight line, f/p - ogre
Aim: an ogre, wielding a giant spiked club (lightly wounded)
You shoot a poisoned needle. The poisoned needle hits the ogre.
The ogre is poisoned.
The ogre is lightly wounded.
The ogre looks more healthy.
Wield which item (- for none, * to show all)? (? for menu, Esc to quit)
a - a +2 dagger (weapon)
The ogre misses you.
You barely miss the ogre. Your bite misses the ogre.
The ogre is heavily wounded.
You hit the ogre but do no damage.
The ogre is heavily wounded.
The ogre hits you with a giant spiked club!!
Ouch! That really hurt!
You die...

#.#####.# ############# #.#
###'##### #...........# #.#
#.......# #...........# #.#
#.......# #...........# #.#
#.......# #...........#
#.#####'##### #...........#
#.#.>......# #.....(.....#
#####.#........####...........##
#.....#........@O...............
#.....#......>.[................
#.....#........####...........##
##.....#####+#### #...........##
.'.....# #.# #########'#...
##.....# #.# ######.#.##
#.....#####.##########......#(#
#)....'..............'......#.##
#.....######.#########........#.


You could see an ogre.

Vanquished Creatures
  An ooze (D:1)
  2 leopard geckos (D:1)
  A goblin (D:1)
  A hobgoblin (D:1)
  2 ball pythons (D:1)
  4 bats (D:1)
  4 frilled lizards (D:1)
  2 kobolds (D:1)
  2 rats (D:1)
19 creatures vanquished.

Notes
Turn   | Place    | Note
-------+----------+-------------------------------------------
     0 | D:1      | HAL9000 the Vine Stalker Assassin began the quest for the Orb.
     0 | D:1      | Reached XP level 1. HP: 11/11 MP: 2/2
    49 | D:1      | Reached XP level 2. HP: 15/15 MP: 3/3
   824 | D:1      | Noticed an ogre
   859 | D:1      | Mangled by an ogre

Vault maps used:
D:1:      minmay_arrival_plants_in_alcoves

Skill      XL: |  1  2 |
---------------+-------+-----
Short Blades   | 2 3 |  3.0
Fighting       | |  1.7
Throwing       | |  1.7
Dodging        | |  0.7
Stealth        | |  4.8

Action                   || total
-------------------------++-------
Melee: Dagger            ||    36
       Bite              ||     4
 Fire: Blowgun           ||     4
 Stab: Sleeping          ||     5
Armor: Robe              ||    11
Dodge: Dodged            ||    18
